 Dungeon Crawl Stone Soup version 0.25.1-2-g60ff931df9 (webtiles) character file.

Game seed: 14564639255898666193

47 H0rd4k the Insei (level 3, 0/23 HPs)
             Began as an Octopode Transmuter on Aug 25, 2020.
             Slain by a vampire bat (1 damage)
             ... on level 2 of the Dungeon.
             The game lasted 00:01:20 (1703 turns).

H0rd4k the Insei (Octopode Transmuter)              Turns: 1703, Time: 00:01:20

Health: 0/23       AC:  1    Str:  9    XL:     3   Next: 70%
Magic:  6/6        EV: 13    Int: 16    God:
Gold:   75         SH:  0    Dex: 12    Spells: 0/6 levels left

rFire    . . .     SeeInvis +     - Unarmed
rCold    . . .     Gourm    .   (no shield)
rNeg     . . .     Faith    .   (helmet restricted)
rPois    .         Spirit   .   (no amulet)
rElec    .         Reflect  .   d - ring of see invisible
rCorr    .         Harm     .   (no ring)
MR       .....                  (no ring)
Stlth    +++.......             (no ring)
HPRegen  0.07/turn              (no ring)
MPRegen  0.10/turn              (no ring)
                                (no ring)
                                (no ring)

@: no status effects
A: almost no armour, stealthy swim, amphibious, 8 rings, constrict 8, camouflage
1, gelatinous body 1
a: no special abilities


You were on level 2 of the Dungeon.
You were not hungry.

You visited 1 branch of the dungeon, and saw 2 of its levels.

You collected 75 gold pieces.

Inventory:

Missiles
 a - 12 arrows
Jewellery
 d - a ring of see invisible (left tentacle)
Scrolls
 e - a scroll of immolation {unknown}
 f - a scroll of enchant armour {unknown}
 j - a scroll of teleportation {unknown}
Potions
 b - a potion of stabbing {unknown}
 g - a potion of curing {unknown}
 i - a potion of cancellation {unknown}
 k - a potion of mutation {unknown}
Comestibles
 c - 4 rations
 h - a chunk of flesh


   Skills:
 + Level 1.0 Fighting
 + Level 2.2 Dodging
 + Level 1.3 Stealth
 + Level 3.8 Unarmed Combat
 * Level 2.4 Spellcasting
 * Level 2.1 Transmutations


You couldn't memorise any spells.
You knew the following spells:

 Your Spells              Type           Power        Failure   Level  Hunger
a - Beastly Appendage     Tmut           #.....       9%          1    #......
b - Sticks to Snakes      Tmut           #.......     12%         2    ###....
c - Spider Form           Tmut/Pois      #.........   36%         3    ###....

Your spell library contained the following spells:

 Spells                   Type           Power        Failure   Level  Hunger
 Ice Form                 Ice/Tmut       #.......     77%         4    #####..
 Blade Hands              Tmut           #.........   92%         5    ######.


Dungeon Overview and Level Annotations

Branches:
Dungeon (2/15)

Altars:
Kikubaaqudgha
Uskayaw


Innate Abilities, Weirdness & Mutations

You cannot wear most types of armour.
You are very stealthy in the water. (Stealth+)
You are amphibious.
You can wear up to eight rings at the same time.
You can use your tentacles to constrict eight enemies at once.
Your skin changes colour to match your surroundings (Stealth+).
Your rubbery body absorbs attacks. (AC +1, EV +1)


Message History

You constrict the vampire bat. The vampire bat bites you.
* * * LOW HITPOINT WARNING * * *
The vampire bat draws strength from your injuries!
The bat zombie hits you but does no damage.
The vampire bat escapes!
The bat zombie hits you but does no damage.
The bat zombie completely misses you.
You tentacle-slap the bat zombie but do no damage.
You grab the bat zombie. You squeeze the bat zombie.
The bat zombie is almost destroyed.
You constrict the bat zombie.
You destroy the bat zombie!
The vampire bat barely misses you. The vampire bat bites you.
* * * LOW HITPOINT WARNING * * *
The vampire bat draws strength from your injuries!
The vampire bat bites you.
* * * LOW HITPOINT WARNING * * *
The vampire bat draws strength from your injuries!
The vampire bat bites you.
You die...

##### ##<##
##.⌠.⌠ #.#
#..._. ## #.#
.#.⌠.⌠ #.##
#+#
⌠.#...#.⌠.#
.#.#.#.#.## #
.#.⌠.#.⌠.#.#
##
##.#.#.#.#b##
####.
#.⌠.#.⌠.#.b@#
+....
#.#.#.#.#.##
#.
##.⌠.#.⌠.##
####
#.#.#.#.#.#
#...
#..#.⌠.#..#
#.##
#.#.#.#.#.#
#+# #.##
##.⌠.#.⌠.##
#.# #.##
##.....##
#.######.##
##'''## ###
##..........


You could see 2 vampire bats.

Vanquished Creatures
  A dart slug (D:1)
  A leopard gecko (D:1)
  9 bats
  2 bat skeletons (D:2)
  4 bat zombies (D:2)
  5 goblins
  2 jackals (D:1)
  6 kobolds
  4 frilled lizards
  7 rats
41 creatures vanquished.

Notes
Turn   | Place    | Note
-------+----------+-------------------------------------------
     0 | D:1      | H0rd4k the Octopode Transmuter began the quest for the Orb.
     0 | D:1      | Reached XP level 1. HP: 13/13 MP: 3/3
   160 | D:1      | Reached XP level 2. HP: 14/18 MP: 5/5
   752 | D:1      | Reached XP level 3. HP: 23/23 MP: 6/6
  1166 | D:2      | Learned a level 2 spell: Sticks to Snakes
  1235 | D:2      | Found a hide-covered altar of Uskayaw.
  1240 | D:2      | Learned a level 3 spell: Spider Form
  1646 | D:2      | Reached skill level 1 in Stealth
  1687 | D:2      | Found an ancient bone altar of Kikubaaqudgha.
  1703 | D:2      | HP: 1/23 [vampire bat (1)]
  1703 | D:2      | Slain by a vampire bat

Illustrated notes

Levels and vault maps discovered:
D:1:      dpeg_arrival_ratfight, layout_loops_ring, minmay_3d_cube
D:2:      layout_loops_corners, old_standard_altar, kennysheep_vampire_church,
          first_ration, uniq_natasha

Skill      XL: |  1  2  3 |
---------------+----------+-----
Stealth        | 1 |  1.3
Fighting       | |  1.0
Dodging        | |  2.2
Unarmed Combat | |  3.8
Spellcasting   | |  2.4
Transmutations | |  2.1

Action                   || total
-------------------------++-------
Melee: Unarmed           ||    96
       Constrict         ||    32
       Tentacles         ||    10
       Punch             ||     1
 Stab: Sleeping          ||    13
  Eat: Chunk             ||     2
Armor: Skin              ||    25
Dodge: Dodged            ||    78
